 Dungeon Crawl Stone Soup version 0.20.1-1-g8b1a95d (webtiles) character file.

70 Irenicus the Slasher (level 4, -1/31 HPs)
             Began as an Octopode Chaos Knight on Oct 13, 2017.
             Slain by an orc priest
             ... wielding a +0 flail
              (4 damage)
             ... on level 3 of the Dungeon.
             The game lasted 00:02:39 (981 turns).

Irenicus the Slasher (Octopode Chaos Knight)         Turns: 981, Time: 00:02:40

Health: -1/31      AC:  1    Str: 11    XL:     4   Next: 22%
Magic:  4/4        EV: 13    Int: 14    God:    Xom [..*...]
Gold:   127        SH:  0    Dex: 12    Spells: 3/3 levels left

rFire    . . .     SeeInvis .   a - +0 falchion (chaos)
rCold    . . .     Gourm    .   (no shield)
rNeg     . . .     Faith    +   (helmet restricted)
rPois    .         Spirit   .   e - amulet of faith
rElec    .         Reflect  .   (no ring)
rCorr    .         Harm     .   (no ring)
MR       .....                  (no ring)
Stlth    ++........             (no ring)
Regen    0.1/turn               (no ring)
MPRegen  0.1/turn               (no ring)
                                (no ring)
                                (no ring)

@: no status effects
A: almost no armour, stealthy swim, amphibious, 8 rings, constrict 8, camouflage
1, gelatinous body 1
a: Renounce Religion


You were on level 3 of the Dungeon.
You worshipped Xom.
You were a toy of Xom.
You were not hungry.

You visited 1 branch of the dungeon, and saw 3 of its levels.

You collected 127 gold pieces.

Inventory:

Hand Weapons
 a - a +0 falchion of chaos (weapon)
Jewellery
 d - an uncursed amulet of the gourmand
 e - an amulet of faith (around mantle)
 q - a cursed amulet of inaccuracy {unknown}
Scrolls
 h - 2 scrolls of teleportation {unknown}
 j - 2 scrolls of identify {unknown}
 k - a scroll of magic mapping {unknown}
 l - 3 scrolls of immolation {unknown}
 p - a scroll of enchant weapon {unknown}
Potions
 c - a potion of cancellation {unknown}
 g - a potion of mutation {unknown}
 i - a potion of berserk rage {unknown}
 m - a potion of magic {unknown}
Comestibles
 b - 2 bread rations
 f - 3 fruits
 n - 3 chunks of flesh
 o - a meat ration


   Skills:
 - Level 3.0 Fighting
 + Level 4.9 Long Blades
 - Level 2.3 Dodging


You had 3 spell levels left.
You didn't know any spells.

Dungeon Overview and Level Annotations

Branches:
Dungeon (3/15)

Altars:
The Shining One


Innate Abilities, Weirdness & Mutations

You cannot wear most types of armour.
You are very stealthy in the water. (Stealth+)
You are amphibious.
You can wear up to eight rings at the same time.
You can use your tentacles to constrict eight enemies at once.
Your skin changes colour to match your surroundings (Stealth+).
Your rubbery body absorbs attacks. (AC +1, EV +1)


Message History

The orc shouts!
You slash the orc!
You kill the orc!
The orc priest invokes the aid of Beogh against you.
You barely resist.
An orc comes into view. It is wielding an enchanted flail.
Things that are here:
a club; an orc corpse The orc priest hits you with a flail!
The orc closely misses you.
You closely miss the orc priest. You grab the orc priest.
You constrict the orc priest. The orc priest hits you with a flail.
The orc hits you with a morningstar!
* * * LOW HITPOINT WARNING * * *
You hit the orc priest.
The orc priest is lightly wounded.
You constrict the orc priest. The orc barely misses you.
You riposte.
You barely miss the orc. Your grab misses the orc.
The orc priest hits you with a flail.
You die...
Xom titters!

### #......... #.#.#..#.#
..# #...........#.#.#..#.#
..# #...........#.#.#..#.#
..# #...........#.#....#.#
..###
#.........!.#.#....#.######
....... ..........
#....#....... ..#####
.........# #..>..#######
..... .........#####.###
..### #....o@.......# ..#
....[.ooo......# ..#
........)......# .!#
...........##### ..#
##.........# ###
#....[....# #.........#
#.........# #.........o


You could see an orc priest and 3 orcs.

Vanquished Creatures
  2 adders (D:3)
  An ooze (D:1)
  2 dart slugs
  3 leopard geckos
  2 orcs (D:3)
  7 bats
  2 giant cockroaches (D:1)
  3 goblins
  2 hobgoblins (D:1)
  4 jackals (D:1)
  A ball python (D:2)
  3 kobolds
  5 rats
37 creatures vanquished.

Vanquished Creatures (others)
  A hobgoblin (D:1)
1 creature vanquished.

Grand Total: 38 creatures vanquished

Notes
Turn   | Place    | Note
-------+----------+-------------------------------------------
     0 | D:1      | Irenicus the Octopode Chaos Knight began the quest for the Orb.
     0 | D:1      | Reached XP level 1. HP: 16/16 MP: 1/1
    38 | D:1      | Reached XP level 2. HP: 19/21 MP: 2/2
   339 | D:1      | XOM: divination: detect creatures
   350 | D:1      | Reached skill level 4 in Long Blades
   364 | D:1      | Found a glowing golden altar of the Shining One.
   388 | D:1      | XOM: harmless Fire miscast
   393 | D:1      | Reached XP level 3. HP: 24/26 MP: 3/3
   567 | D:1      | XOM: cloud trail
   605 | D:1      | Paralysed by you for 3 turns
   809 | D:2      | XOM: medium Necr miscast
   810 | D:2      | Noticed a shadow
   810 | D:2      | Noticed a shadow
   883 | D:3      | XOM: cloud trail
   897 | D:3      | Reached XP level 4. HP: 20/31 MP: 4/4
   981 | D:3      | Slain by an orc priest

Skill      XL: |  1  2 |
---------------+-------+-----
Long Blades    | 4 |  4.9
Fighting       | |  3.0
Dodging        | |  2.3

Action                   |  1- 3 |  4- 6 || total
-------------------------+-------+-------++-------
Melee: Falchion          |    67 |     6 ||    73
       Constrict         |    19 |     2 ||    21
       Tentacles         |    10 |       ||    10
 Stab: Sleeping          |     7 |     1 ||     8
  Eat: Chunk             |     5 |       ||     5
Armor: Skin              |     6 |       ||     6
Dodge: Dodged            |    57 |     4 ||    61
       Rpst.: Falchion   |    19 |     2 ||    21
